 Dungeon Crawl Stone Soup version 0.18-a0-1805-g8ab820f (webtiles) character file.

4277 Zhenya25pyc the Basher (level 10, 0/64 HPs)
             Began as a Gargoyle Fighter on Apr 27, 2016.
             Was a Believer of Okawaru.
             Killed by divine providence
             ... invoked by an orc priest
              (15 damage)
             ... on level 9 of the Dungeon.
             The game lasted 00:26:13 (8334 turns).

Zhenya25pyc the Basher (Gargoyle Fighter)           Turns: 8334, Time: 00:26:13

Health: 0/64       AC: 28    Str: 22    XL:     10   Next: 31%
Magic:  12/12      EV:  6    Int: 11    God:    Okawaru [**....]
Gold:   102        SH: 11    Dex: 10    Spells: 0 memorised, 9 levels left

rFire  . . .     SeeInvis .     D - +2 flail (protect)
rCold  . . .     Gourm    .     v - +0 chain mail
rNeg   + + .     Faith    .     c - +0 shield
rPois  ∞         Spirit   .     n - +0 helmet
rElec  +         Dismiss  .     O - +0 cloak
rCorr  +         Reflect  .     (no gloves)
SustAt .         Harm     .     t - +0 pair of boots
MR     .....                    (no amulet)
Stlth  ..........               a - ring of resist corrosion
                                x - ring of positive energy

@: slowed, very slow, not resistant to hostile enchantments, extremely
unstealthy
A: slimy green scales 1, clever 1, negative energy resistance 1, electricity
resistance, slow regeneration 1, unbreathing, petrification resistance, rot
immunity, AC +7
a: Heroism, Renounce Religion


You were on level 9 of the Dungeon.
You worshipped Okawaru.
Okawaru was pleased with you.
You were not hungry.

You visited 2 branches of the dungeon, and saw 10 of its levels.

You collected 374 gold pieces.
You spent 272 gold pieces at shops.

Inventory:

Hand Weapons
 D - a +2 flail of protection (weapon)
Armour
 c - a +0 shield (worn)
 n - a +0 helmet (worn)
 t - a +0 pair of boots (worn)
 v - a +0 chain mail (worn)
 O - a +0 cloak (worn)
Jewellery
 a - a ring of resist corrosion (right hand)
 x - a ring of positive energy (left hand)
Wands
 A - a wand of digging (13/24)
 E - a wand of teleportation (2/9)
 F - a wand of teleportation (5/9)
 I - a wand of paralysis (4/24)
 J - a wand of random effects (33/48)
 K - a wand of lightning (3/15)
 P - a wand of disintegration (14/24)
 Q - a wand of iceblast (7/15)
Scrolls
 e - 3 scrolls of teleportation {unknown}
 l - 2 scrolls of fear {unknown}
 m - 6 scrolls of identify
 p - 2 scrolls of amnesia {unknown}
 q - 4 scrolls of remove curse {unknown}
 s - 2 scrolls of blinking {unknown}
 u - a scroll of fog {unknown}
 y - a scroll of noise {unknown}
 z - 2 scrolls of enchant armour
 B - a scroll of immolation {unknown}
 C - a scroll of magic mapping {unknown}
 G - 2 scrolls of enchant weapon
 N - a scroll of acquirement {unknown}
Potions
 b - a potion of berserk rage {unknown}
 d - a potion of might
 g - 2 potions of heal wounds {unknown}
 h - a potion of lignification {unknown}
 i - 3 potions of haste {unknown}
 j - 2 potions of ambrosia {unknown}
 k - 2 potions of resistance {unknown}
 o - 4 potions of curing {unknown}
 H - a potion of degeneration {unknown}
 L - 2 potions of flight {unknown}
Comestibles
 f - 9 bread rations
 r - 5 fruits
 w - 3 meat rations
 M - a chunk of flesh


   Skills:
 + Level 7.8 Fighting
 * Level 9.3 Maces & Flails
 + Level 7.8 Armour
 + Level 7.9 Shields
 + Level 2.9 Invocations


You had 9 spell levels left.
You didn't know any spells.

Dungeon Overview and Level Annotations

Branches:
Dungeon (9/15)             Temple (1/1) D:4
   Lair: D:8-11         Orc: D:9-12

Altars:
Ashenzari
Cheibriados
Dithmenos
Elyvilon
Fedhas
Kikubaaqudgha
Nemelex Xobeh
Okawaru
Pakellas
Qazlal
Sif Muna
Trog
Vehumet
Yredelemnul
Zin
The Shining One

Shops:
D:8 ?


Innate Abilities, Weirdness & Mutations

You are resistant to torment.
Your stone body is resilient (AC +7).
You are immune to poison.
You resist negative energy.
You are resistant to electric shocks.
You can survive without breathing.
You are immune to petrification.
You are immune to rotting.
You are partially covered in slimy green scales (AC +2).
Your mind is acute. (Int +2)
You regenerate slowly when monsters are visible.


Message History

The orc wizard casts a spell.
The orc wizard blinks!
The orc wizard gestures wildly while chanting.
The orc wizard seems to speed up.
The orc priest hits you but does no damage.
The hound skeleton bites you but does no damage.
The orc wizard gestures wildly while chanting.
The orc wizard blinks!
The orc priest calls down the wrath of Beogh upon you.
Pain shoots through your body! You block the orc wizard's attack.
You block the hound skeleton's attack. The orc wizard casts a spell at you.
The magic dart hits you!
The orc priest mumbles some strange prayers to Beogh against you.
Beogh smites you!
* * * LOW HITPOINT WARNING * * *
You block the orc wizard's attack.
The orc priest invokes the aid of Beogh against you.
Beogh smites you!
You die...

.........##
............##
..............##
...<.........[..#
...............<##
................##
...............##
.............## .
#......oo@.## ..
##......Zo##
...#...§oo.o##
.........o.##
..........##
......)o.##
........##
.......## ......#


You could see 2 orc priests, 2 orc wizards, 4 orcs and a hound skeleton.

Vanquished Creatures
  Grinder (D:4)
  2 two-headed ogres
  A hippogriff (D:8)
  A hungry ghost (D:8)
  2 vampire mosquitoes (D:8)
  Menkaure (D:5)
  A water moccasin (D:8)
  A sky beast (D:7)
  2 orc warriors (D:6)
  5 ogres
  3 centaurs
  The ghost of Zhenya25pyc the Skirmisher, an amateur GrFi (D:3)
  2 giant frogs (D:6)
  3 scorpions
  6 killer bees (D:7)
  7 howler monkeys
  2 crimson imps
  A quasit (D:7)
  2 jellies
  4 orc priests
  A hound (D:7)
  10 orc wizards
  An iguana (D:6)
  5 worker ants
  A hound zombie (D:5)
  A hound skeleton (D:5)
  A mummy (D:8)
  A howler monkey zombie (D:6)
  8 adders
  13 gnolls
  3 oozes
  An adder skeleton (D:5)
  3 worms
  5 dart slugs
  5 giant geckos
  38 orcs
  2 ball pythons (D:1)
  6 bats
  3 giant cockroaches
  7 goblins
  9 hobgoblins
  14 jackals
  6 kobolds
  4 quokkas
  A giant gecko skeleton (D:5)
  3 giant newts
  A quokka skeleton (D:4)
  5 rats
206 creatures vanquished.

Notes
Turn   | Place    | Note
--------------------------------------------------------------
     0 | D:1      | Zhenya25pyc the Gargoyle Fighter began the quest for the Orb.
     0 | D:1      | Reached XP level 1. HP: 14/14 MP: 1/1
    56 | D:1      | Reached XP level 2. HP: 14/19 MP: 2/2
   235 | D:1      | Reached XP level 3. HP: 23/24 MP: 3/3
   802 | D:2      | Reached XP level 4. HP: 28/29 MP: 4/4
   919 | D:2      | Reached skill level 3 in Maces & Flails
  1296 | D:2      | Found a glowing silver altar of Zin.
  1364 | D:3      | Reached XP level 5. HP: 29/33 MP: 5/5
  1576 | D:3      | Reached skill level 4 in Maces & Flails
  1647 | D:3      | Noticed Zhenya25pyc's ghost (amateur GrFi)
  1670 | D:3      | Killed Zhenya25pyc's ghost
  1670 | D:3      | Reached XP level 6. HP: 23/39 MP: 6/6
  2281 | D:4      | Reached XP level 7. HP: 36/44 MP: 7/7
  2295 | D:4      | Reached skill level 5 in Maces & Flails
  2295 | D:4      | Reached skill level 5 in Shields
  2332 | D:4      | Reached skill level 5 in Fighting
  2566 | D:4      | Found a radiant altar of Vehumet.
  2631 | D:4      | Reached skill level 5 in Armour
  3040 | D:4      | Noticed Grinder
  3040 | D:4      | Paralysed by Grinder for 5 turns
  3080 | D:4      | Killed Grinder
  3080 | D:4      | Reached skill level 6 in Maces & Flails
  3080 | D:4      | Reached XP level 8. HP: 5/50 MP: 8/8
  3379 | D:4      | Found a staircase to the Ecumenical Temple.
  3390 | Temple   | Entered the Ecumenical Temple
  3634 | D:4      | Found a sparkling altar of Nemelex Xobeh.
  3806 | D:4      | Found an ancient bone altar of Kikubaaqudgha.
  3819 | D:4      | Found an iron altar of Okawaru.
  3822 | D:4      | Became a worshipper of Warmaster Okawaru
  3879 | D:5      | Entered Level 5 of the Dungeon
  3887 | D:5      | Noticed Menkaure
  3900 | D:5      | Killed Menkaure
  4760 | D:5      | Reached * piety under Okawaru
  4760 | D:5      | Reached skill level 7 in Maces & Flails
  5243 | D:6      | Reached XP level 9. HP: 45/55 MP: 9/9
  5475 | D:6      | Found a stormy altar of Qazlal.
  5942 | D:6      | Reached skill level 8 in Maces & Flails
  5985 | D:6      | Found a glowing golden altar of the Shining One.
  6763 | D:7      | Reached ** piety under Okawaru
  6887 | D:7      | Reached skill level 1 in Invocations
  6894 | D:7      | Gained mutation: Your mind is acute. (Int +2) [mutagenic meat]
  6895 | D:7      | Gained mutation: You regenerate slowly when monsters are visible. [mutagenic meat]
  6896 | D:7      | Gained mutation: Your spells are a little easier to cast, but a little less powerful. [mutagenic meat]
  6897 | D:7      | Lost mutation: Your spells are a little easier to cast, but a little less powerful. [mutagenic meat]
  6898 | D:7      | Gained mutation: You are partially covered in slimy green scales (AC +2). [mutagenic meat]
  7609 | D:8      | Found a snail-covered altar of Cheibriados.
  7815 | D:8      | Reached skill level 9 in Maces & Flails
  7815 | D:8      | Reached XP level 10. HP: 51/63 MP: 11/11
  7852 | D:8      | Found Yzxi's Magic Scroll Shop.
  7862 | D:8      | Bought a scroll of identify for 32 gold pieces
  7862 | D:8      | Bought a scroll of enchant armour for 120 gold pieces
  7862 | D:8      | Bought a scroll of enchant weapon for 120 gold pieces
  8334 | D:9      | Killed from afar by an orc priest

Vault maps used:
D:1:      lightli_arrival_chessboard
D:2:      zin_statuary
D:3:      serial_curves, eino_curves_01, eino_curves_01, first_bread
D:4:      kennysheep_mini, lemuel_crystal_altar, lemuel_doored_altar,
          nicolae_overflow_hidden_temple, minmay_temple_entry_purple_smoke,
          uniq_grinder
D:5:      kennysheep_dice, uniq_menkaure
D:6:      grunt_qazlal_sundering, lemuel_round_altar
D:8:      slow_altar_1, serial_shops, shop
Temple:   minmay_temple_bridge_a_8

Skill      XL: |  1  2  3  4  5  6  7  8  9 |
---------------+----------------------------+-----
Maces & Flails | 3 4 6 7 9 |  9.3
Fighting       | 4 5 6 7 |  7.8
Shields        | 4 5 6 7 |  7.9
Armour         | 4 5 6 7 |  7.8
Invocations    | 2 |  2.9

Action                   |  1- 3 |  4- 6 |  7- 9 | 10-12 || total
-------------------------+-------+-------+-------+-------++-------
Melee: Flail             |   135 |   220 |   607 |    92 ||  1054
Evoke: Wand              |       |       |     1 |       ||     1
  Eat: Chunk             |       |     5 |    20 |     4 ||    29
       Royal jelly       |       |       |     1 |       ||     1
       Beef jerky        |       |       |     1 |     2 ||     3
Armor: Scale mail        |    94 |    55 |       |       ||   149
       Chain mail        |       |    67 |   474 |    63 ||   604
Dodge: Dodged            |    50 |    55 |   176 |    33 ||   314
Block: Shield            |    86 |   133 |   461 |    62 ||   742
